 Seeded DCSS version 0.30-a0-341-g682706514a (webtiles) character file.

Game seed: 443762047434890301 (custom seed)

52 NinjaNoafa the Poker (level 3, -3/28 HPs)
             Began as a Merfolk Gladiator on Nov 2, 2022.
             Slain by a worm (8 damage)
             ... on level 2 of the Dungeon.
             The game lasted 00:02:40 (1356 turns).

NinjaNoafa the Poker (Merfolk Gladiator)            Turns: 1356, Time: 00:02:42

Health: -3/28      AC:  5    Str: 16    XL:     3   Next: 85%
Magic:  3/3        EV: 13    Int:  7    God:
Gold:   87         SH:  0    Dex: 15    Spells: 2/2 levels left

rFire   . . .      SeeInvis .    a - +0 trident
rCold   . . .      Faith    .    (no shield)
rNeg    . . .      Spirit   .    b - +0 leather armour
rPois   .          Reflect  .    c - +0 helmet
rElec   .          Harm     .    (no cloak)
rCorr   .          Rampage  .    j - +0 pair of gloves
Will    .....                    (no boots)
Stlth   +.........               (no amulet)
HPRegen 0.24/turn                (no ring)
MPRegen 0.08/turn                (no ring)

@: slowed, very slow
A: (nimble swimmer 2), mertail
a: no special abilities


You were on level 2 of the Dungeon.
You visited 1 branch of the dungeon, and saw 2 of its levels.

You collected 87 gold pieces.

Inventory:

Hand Weapons
 a - a +0 trident (weapon)
Missiles
 d - 3 throwing nets
 e - a javelin
 f - 5 boomerangs (quivered)
 g - 25 stones
Armour
 b - a +0 leather armour (worn)
 c - a +0 helmet (worn)
 j - a +0 pair of gloves (worn)
Jewellery
 o - a ring of magical power
Wands
 p - a wand of roots (2)
Scrolls
 n - 4 scrolls of identify {unknown}
Potions
 h - a potion of flight {unknown}
 i - 2 potions of degeneration {unknown}
 k - a potion of curing
 m - a potion of might


   Skills:
 + Level 2.8 Fighting
 + Level 4.5 Polearms
 * Level 2.9 Throwing
 + Level 4.5 Dodging


You had 2 spell levels left.
You didn't know any spells.
Your spell library was empty.

Dungeon Overview and Level Annotations

Branches:
Dungeon (2/15)

Altars:

Shops:
D:1 !   D:2 (

Annotations:
D:2 Natasha


Innate Abilities, Weirdness & Mutations

((You are very nimble when in or above water. (Stealth+, EV+, Speed+++)))
Your lower body shifts to a powerful aquatic tail in water.


Message History

You now have 87 gold pieces (gained 11).
Natasha, Servant of Life and Death comes into view.
Natasha hisses angrily.
Natasha stares at you and mumbles some strange words.
The magic dart hits you!
A worm comes into view.
There are monsters nearby!
A frilled lizard comes into view.
Natasha casts a spell at you.
You feel yourself slow down.
The frilled lizard hisses angrily.
Natasha wildly gestures.
Natasha shimmers violently.
Natasha stares at you and mumbles some strange words.
The magic dart hits you.
Found 7 gold pieces.
Natasha casts a spell at you. The magic dart hits you.
Natasha howls an incantation.
Natasha glows brightly for a moment.
The frilled lizard bites you but does no damage.
Natasha stares at you and mumbles some strange words.
The magic dart hits you. The worm bites you but does no damage.
You puncture Natasha!
Natasha is heavily wounded.
The frilled lizard closely misses you. Natasha barely misses you.
The frilled lizard closely misses you. The worm bites you. Natasha misses you.
You hit Natasha.
Natasha is severely wounded.
The frilled lizard misses you. Natasha barely misses you. The worm bites you!
* * * LOW HITPOINT WARNING * * *
The frilled lizard barely misses you.
You hit Natasha.
Natasha is almost dead.
Natasha stares at you and mumbles some strange words.
The magic dart hits you.
* * * LOW HITPOINT WARNING * * *
The frilled lizard bites you but does no damage.
The worm bites you!
You die...

.# #######.#. #....##
.####### #.# ######
.......# #.#
.#####.#########.# .#
#............# # .#
#............#.#
.####............#.###
.......)........l....#
################@h...#
# #.w...# # #.....# #
#.$...# # #.....# #
####### # # # #


You could see a worm, Natasha and a frilled lizard.

Vanquished Creatures
  3 gnolls (D:2)
  3 endoplasms
  2 giant cockroaches
  5 goblins
  A quokka (D:1)
  A bat (D:1)
  A frilled lizard (D:1)
  7 kobolds
  A rat (D:2)
24 creatures vanquished.

Notes
Turn   | Place    | Note
-------+----------+-------------------------------------------
     0 | D:1      | NinjaNoafa the Merfolk Gladiator began the quest for the
                  | Orb.
     0 | D:1      | Reached XP level 1. HP: 16/16 MP: 1/1
   301 | D:1      | Reached XP level 2. HP: 23/23 MP: 2/2
   402 | D:1      | Found Ruesoj's Distillery.
  1069 | D:2      | Found Piori's Antique Weapon Shop.
  1126 | D:2      | Reached XP level 3. HP: 11/28 MP: 3/3
  1349 | D:2      | Noticed Natasha
  1356 | D:2      | Slain by a worm

Illustrated notes

Levels and vault maps discovered:
D:1:      shiori_shiawase, layout_loops_corners, serial_shops,
          nicolae_shop_hallway_plus
D:2:      layout_basic, serial_shops, shop_statue, uniq_natasha

Action                   || total
-------------------------++-------
Melee: Trident           ||    38
Throw: Boomerang         ||    18
       Javelin           ||     1
  Use: Potion            ||     3
 Stab: Sleeping          ||     1
Armor: Leather armour    ||     9
Dodge: Dodged            ||    37

Table legend: (Time is in decaauts)
 A = Elapsed time spent in this place.
 B = Non-inter-level travel time spent in this place.
 C = Inter-level travel time spent in this place.
 D = Time resting spent in this place.
 E = Time spent auto-exploring this place.
 F = Levels seen in this place.
 G = Mean time per level.
                   A        B        C        D        E       F      G
               +--------+--------+--------+--------+--------+-----+--------+
         Total |   1346 |   1282 |     64 |      0 |   1095 |   2 |  673.0 |
       Dungeon |   1346 |   1282 |     64 |      0 |   1095 |   2 |  673.0 |
               +--------+--------+--------+--------+--------+-----+--------+

Top non-repeatable levels by time:
     D:1: 935 daAuts
     D:2: 411 daAuts
